Map: Ruins of Seras

Players

Geo - Winner!

  • Race: Zerg Zerg
  • League: Silver

Javert

  • Race: Zerg Zerg
  • League: Silver

VOD

Have the link to the VOD?

Description

Time

  • Played on: July 15, 2015, 9:55 p.m.
  • Length: 7:27
Show
View Real Time Build Order
Export as new Build Order

Geo Zerg - Winner!

Build Orders: Hatch First 

Get SALT Encoding   

  12  0:01  Drone  
  13  0:13  Overlord  
  13  0:19  Drone  
  14  0:31  Drone x2  
  14  0:35  Drone  
  17  0:54  Hatchery  
  16  0:57  Drone  
  16  1:00  Drone  
  18  1:11  Extractor  
  17  1:17  Spawning Pool  
  16  1:25  Overlord  
  16  1:26  Drone  
  16  1:29  Drone  
  18  1:39  Drone  
  19  1:50  Drone  
  20  2:00  Drone  
  21  2:04  Queen  
  23  2:13  Baneling Nest, Drone x2  
  24  2:16  Queen  
  24  2:19  Drone  
  28  2:22  Drone  
  28  2:30  Evolution Chamber, Drone  
  28  2:34  Zergling x2  
  29  2:38  Drone  
  30  2:44  Drone  
  30  2:49  Drone  
  32  2:56  Baneling  
  32  2:57  Baneling  
  32  2:58  Drone  
  33  3:07  Zerg Ground Armor Level 1  
  33  3:09  Extractor  
  33  3:11  Evolution Chamber, Drone x3  
  34  3:16  Drone x2  
  36  3:47  Overlord  
  36  3:48  Overlord  
  36  3:49  Zerg Melee Weapons Level 1  
  36  4:11  Hatchery  
  36  4:13  Lair  
  36  4:15  Drone  
  36  4:16  Drone x12  
  48  4:17  Zergling x2  
  49  4:28  Metabolic Boost  
  49  4:30  Zergling x2  
  49  4:31  Zergling x4  
  52  4:36  Extractor  
  52  4:37  Zergling x2  
  52  4:50  Overlord x2  
  52  4:51  Overlord  
  52  4:56  Overlord  
  52  5:08  Zergling x2  
  52  5:09  Zergling x8  
  52  5:13  Zergling x2  
  58  5:18  Zergling x2  
  59  5:22  Zergling x6  
  59  5:23  Zergling x4  
  59  5:24  Queen  
  66  5:29  Zergling x10  
  66  5:33  Zergling x2  
  72  5:40  Zergling x4  
  69  5:53  Zergling x14  
  65  6:34  Zergling x30  
  65  6:35  Zergling x14  
  82  6:40  Spore Crawler x2  
  82  6:42  Spore Crawler  
  82  6:43  Spore Crawler  
  82  6:46  Spore Crawler  
  75  6:48  Spore Crawler  
  73  6:56  Drone  
  73  7:01  Spore Crawler x2  
  73  7:02  Spore Crawler, Drone  
  73  7:04  Drone x2  
  73  7:05  Drone  
  76  7:08  Drone  
Show
View Real Time Build Order
Export as new Build Order

Javert Zerg 

Build Orders: Hatch First 

Get SALT Encoding   

  12  0:04  Drone  
  13  0:13  Overlord  
  13  0:29  Drone  
  13  0:33  Drone x2  
  16  0:42  Drone  
  17  0:52  Drone  
  18  1:06  Drone  
  18  1:08  Hatchery, Extractor  
  17  1:13  Drone  
  18  1:24  Spawning Pool  
  17  1:29  Drone  
  18  1:39  Drone  
  19  1:49  Drone  
  20  1:56  Overlord  
  20  2:08  Drone  
  21  2:10  Metabolic Boost  
  21  2:14  Queen  
  23  2:20  Queen  
  23  2:21  Zergling x4  
  27  2:29  Drone  
  28  2:35  Drone  
  29  2:43  Drone x2  
  31  2:59  Drone x2  
  33  3:11  Overlord  
  33  3:13  Drone x2  
  35  3:20  Baneling Nest  
  35  3:22  Drone x2  
  35  3:35  Drone x3  
  38  3:44  Overlord  
  38  3:45  Drone x4  
  38  3:48  Lair  
  41  3:49  Extractor  
  41  3:51  Drone, Extractor  
  41  3:52  Extractor  
  39  4:02  Drone x4  
  43  4:03  Drone x5  
  43  4:06  Overlord  
  48  4:19  Drone x3  
  51  4:25  Overlord  
  51  4:37  Overlord x2  
  51  4:48  Spire  
  51  4:51  Overlord x2  
  50  4:54  Drone x4  
  54  5:04  Overlord  
  54  5:05  Overlord  
  54  5:08  Zergling x6  
  54  5:09  Zergling x14  
  64  5:22  Overseer  
  64  5:30  Hatchery  
  64  5:32  Queen  
  60  5:59  Mutalisk x8  
  60  6:00  Mutalisk  
  77  6:16  Queen  
  63  6:26  Drone x13  
  57  6:44  Drone x4  
  60  6:55  Mutalisk x2  
Tags
 
Add a new tag
Caveats
  • Supply blocks, unpowered buildings, or Contaminate may cause inaccurate times.
  • Supply counts are checked every 10 seconds.